 Dungeon Crawl Stone Soup version 0.18.1-48-g4cf74bf (webtiles) character file.

390 Charly the Poker (level 6, 0/44 HPs)
             Began as a Merfolk Skald on Aug 27, 2016.
             Was a Follower of Cheibriados.
             Slain by Dowan
             ... wielding a cursed -1 dagger
              (1 damage)
             ... on level 5 of the Dungeon.
             The game lasted 00:24:51 (1389 turns).

Charly the Poker (Merfolk Skald)                    Turns: 1389, Time: 00:24:52

Health: 0/44       AC:  6    Str: 20    XL:     6   Next: 80%
Magic:  1/9        EV: 12    Int: 17    God:    Cheibriados [*.....]
Gold:   138        SH:  0    Dex: 16    Spells: 3 memorised, 2 levels left

rFire  . . .     SeeInvis .     a - +0 halberd
rCold  + . .     Gourm    .     p - +2 robe {rC+}
rNeg   . . .     Faith    .     (shield currently unavailable)
rPois  .         Spirit   .     (no helmet)
rElec  .         Dismiss  .     q - +0 cloak
rCorr  .         Reflect  .     k - +0 pair of gloves
SustAt .         Harm     .     (no boots)
MR     .....                    (no amulet)
Stlth  +.........               (no ring)
                                (no ring)

@: mighty, very slightly contaminated, very slow, not resistant to hostile
enchantments, very unstealthy
A: change form in water, swift swim
a: Bend Time, Renounce Religion


You were on level 5 of the Dungeon.
You worshipped Cheibriados.
Cheibriados was aware of your devotion.
You were not hungry.

You visited 1 branch of the dungeon, and saw 6 of its levels.

You collected 138 gold pieces.

Inventory:

Hand Weapons
 a - a +0 halberd (weapon)
 b - a +2 hunting sling of flaming
Missiles
 e - 3 sling bullets
 j - 7 stones (quivered)
Armour
 k - a +0 pair of gloves (worn)
 p - a +2 robe of cold resistance (worn)
 q - a +0 cloak (worn)
 s - the +5 scale mail "Sixeor" {rF++ Int-2 Dex+8, unknown}
   (You found it on level 5 of the Dungeon)

   It affects your intelligence (-2).
   It affects your dexterity (+8).
   It greatly protects you from fire.
Scrolls
 g - a scroll of fog {unknown}
 l - a scroll of enchant weapon {unknown}
 m - a scroll of immolation {unknown}
Potions
 f - a potion of cure mutation
 h - 4 potions of flight
 o - a potion of brilliance {unknown}
 t - a potion of degeneration {unknown}
Books
 c - a book of Battle

   Spells                             Type                      Level
   a - Infusion                       Charms                       1
   b - Shroud of Golubria             Charms/Translocation         2
   c - Song of Slaying                Charms                       2
   d - Spectral Weapon                Hexes/Charms                 3
   e - Regeneration                   Charms/Necromancy            3
Comestibles
 d - 3 bread rations
 i - a meat ration


   Skills:
 - Level 2.1 Fighting
 + Level 5.9 Polearms
 - Level 0.6 Armour
 - Level 1.3 Dodging
 - Level 2.0 Spellcasting
 + Level 2.6 Hexes
 + Level 5.2 Charms
 + Level 2.3 Necromancy


You had 2 spell levels left.
You knew the following spells:

 Your Spells              Type           Power        Failure   Level  Hunger
i - Infusion              Chrm           ###.         2%          1    #......
r - Regeneration          Chrm/Necr      ##........   14%         3    ###....
w - Spectral Weapon       Hex/Chrm       ###.....     14%         3    ###....


Dungeon Overview and Level Annotations

Branches:
Dungeon (6/15)             Temple (0/1) D:4

Altars:
Cheibriados
Makhleb
Nemelex Xobeh
Trog
Xom

Annotations:
D:4 exclusion: downstairs, Blork the orc
D:5 Dowan, Edmund
D:6 exclusion: upstairs


Message History

The stone arrow misses you.
The stone arrow hits your spectral weapon.
Your spectral weapon shares its damage with you!
Dowan gestures at you while chanting. The stone arrow hits you!
Things that are here:
a short sword of protection; a scroll labeled VAIL VUDAOZA the elf corpse of Duvessa You barely miss Dowan.
Your spectral weapon hits Dowan but does no damage.
Dowan hits you but does no damage.
Dowan points at you and mumbles some strange words.
The stone arrow hits you!
* * * LOW HITPOINT WARNING * * *
Unknown command.
You hit Dowan.
Dowan is moderately wounded.
Your spectral weapon closely misses Dowan.
Dowan hits you with an enchanted dagger.
You die...

.##. #.##.# ..# # ..... .....#
#.# # .... ..... #.##.# ##.## #
## ... ......#$##.# ##)..## #
..##..## .#....#.##.# ##.....###
.......#....e.......####.......#.
.........# #.##.##....._.....
.)e......# #e##.##.#.......##
$..e...# #@##.##.##.....##
...>...# #(##.#...##...##
..Z..:..... #.##.#.#..##.##
........### #.##.#.##....#
.......#... #.##.#.# #####
..##..## ## #......# .. ...
######## ## ####


You could see Dowan and a friendly spectral halberd.

Vanquished Creatures
  Duvessa (D:5)
  A crimson imp (D:5)
  A jelly (D:5)
  Jessica (D:2)
  3 worker ants
  4 adders
  4 gnolls
  A worm (D:4)
  2 dart slugs
  3 orcs
  2 giant cockroaches
  5 goblins
  3 hobgoblins (D:3)
  6 jackals
  4 kobolds
  A quokka (D:4)
  4 ball pythons
  2 bats
  A giant newt (D:2)
  6 rats
55 creatures vanquished.

Vanquished Creatures (others)
  A quokka (D:3)
1 creature vanquished.

Grand Total: 56 creatures vanquished

Notes
Turn   | Place    | Note
--------------------------------------------------------------
     0 | D:1      | Charly the Merfolk Skald began the quest for the Orb.
     0 | D:1      | Reached XP level 1. HP: 16/16 MP: 3/3
    72 | D:1      | Reached XP level 2. HP: 17/22 MP: 0/5
   257 | D:2      | Found a snail-covered altar of Cheibriados.
   260 | D:2      | Became a worshipper of Cheibriados the Contemplative
   317 | D:2      | Noticed Jessica
   322 | D:2      | Killed Jessica
   322 | D:2      | Reached skill level 5 in Polearms
   322 | D:2      | Reached XP level 3. HP: 9/27 MP: 2/6
   327 | D:2      | Learned a level 3 spell: Regeneration
   450 | D:3      | Noticed a black bear
   467 | D:3      | Reached XP level 4. HP: 33/33 MP: 7/7
   512 | D:3      | Found a bloodstained altar of Trog.
   533 | D:3      | Learned a level 3 spell: Spectral Weapon
   736 | D:2      | Found a shimmering altar of Xom.
   767 | D:4      | Reached * piety under Cheibriados
   789 | D:4      | Noticed Blork the orc
   973 | D:4      | Reached skill level 1 in Hexes
   979 | D:4      | Reached skill level 1 in Necromancy
  1009 | D:5      | Entered Level 5 of the Dungeon
  1009 | D:5      | Noticed Edmund
  1069 | D:4      | Found a staircase to the Ecumenical Temple.
  1116 | D:4      | Reached XP level 5. HP: 38/38 MP: 3/8
  1185 | D:5      | Found a sparkling altar of Nemelex Xobeh.
  1203 | D:5      | Reached XP level 6. HP: 44/44 MP: 0/9
  1207 | D:5      | Got a pitted scale mail
  1316 | D:5      | Noticed Duvessa
  1316 | D:5      | Noticed Dowan
  1320 | D:6      | Reached skill level 5 in Charms
  1334 | D:5      | Found a burning altar of Makhleb.
  1385 | D:5      | Killed Duvessa
  1388 | D:5      | HP: 1/44 [Dowan/stone arrow (15)]
  1389 | D:5      | Slain by Dowan

Skill      XL: |  1  2  3  4  5  6 |
---------------+-------------------+-----
Polearms       | 4 5 |  5.9
Charms         | 4 5 |  5.2
Hexes          | 1 2 |  2.6
Necromancy     | 1 2 |  2.3
Fighting       | |  2.1
Armour         | |  0.6
Dodging        | |  1.3
Spellcasting   | |  2.0

Action                   |  1- 3 |  4- 6 || total
-------------------------+-------+-------++-------
Melee: Spear             |    66 |    71 ||   137
       Halberd           |       |    15 ||    15
 Fire: Hunting sling     |     4 |    19 ||    23
 Cast: Infusion          |     8 |     7 ||    15
       Regeneration      |     1 |     6 ||     7
       Spectral Weapon   |       |     9 ||     9
  Use: Scroll            |     1 |     2 ||     3
       Potion            |       |     1 ||     1
 Stab: Sleeping          |     1 |     2 ||     3
  Eat: Beef jerky        |     1 |       ||     1
       Chunk             |       |     3 ||     3
Armor: Leather armour    |     9 |       ||     9
       Skin              |       |     4 ||     4
       Robe              |       |     6 ||     6
Dodge: Dodged            |    15 |    39 ||    54
Block: Buckler           |     5 |       ||     5
